 Dungeon Crawl Stone Soup version 0.29-a0-775-g4d7333d4e2 (webtiles) character file.

Game seed: 10913055142166057097

56 xian the Chucker (level 3, 0/26 HPs)
             Began as a Demonspawn Wanderer on July 1, 2022.
             Slain by Robin
             ... wielding a +0 short sword
              (2 damage)
             ... on level 3 of the Dungeon.
             The game lasted 00:04:33 (1138 turns).

xian the Chucker (Demonspawn Wanderer)              Turns: 1138, Time: 00:04:34

Health: 0/26       AC:  4    Str: 15    XL:     3   Next: 69%
Magic:  3/3        EV: 11    Int: 11    God:
Gold:   102        SH:  0    Dex: 13    Spells: 2/2 levels left

rFire   . . .      SeeInvis .   i - +2 short sword (drain)
rCold   . . .      Faith    .   (no shield)
rNeg    . . .      Spirit   .   f - +0 leather armour
rPois   .          Reflect  .   (no helmet)
rElec   .          Harm     .   l - +0 cloak
rCorr   .          Rampage  .   (no gloves)
Will    .....                   (no boots)
Stlth   +.........              (no amulet)
HPRegen 0.00/turn               (no ring)
MPRegen 0.08/turn               (no ring)

@: inhibited regen
A: weakness stinger 1, hooves 2, deterioration 1, inhibited regeneration
a: no special abilities


You were on level 3 of the Dungeon.
You visited 1 branch of the dungeon, and saw 3 of its levels.

You collected 102 gold pieces.

Inventory:

Hand Weapons
 i - a +2 short sword of draining (weapon)
Missiles
 c - a boomerang (quivered)
Armour
 f - a +0 leather armour (worn)
 l - a +0 cloak (worn)
Wands
 d - a wand of paralysis (14)
Scrolls
 e - 2 scrolls of blinking
 g - a scroll of fear {unknown}
 m - a scroll of noise {unknown}
 n - a scroll of identify {unknown}
Potions
 a - a potion of mutation
 h - a potion of magic {unknown}
 j - a potion of cancellation {unknown}
 k - a potion of might {unknown}


   Skills:
 + Level 1.0 Fighting
 + Level 0.2 Short Blades
 + Level 4.4 Throwing
 + Level 1.2 Armour
 + Level 0.1 Dodging
 + Level 1.0 Unarmed Combat
 + Level 3.5 Evocations


You had 2 spell levels left.
You didn't know any spells.
Your spell library was empty.

Dungeon Overview and Level Annotations

Branches:
Dungeon (3/15)

Altars:

Annotations:
D:3 Robin


Innate Abilities, Weirdness & Mutations

You have a small tail.
You have hoof-like feet.
Your body sometimes deteriorates upon taking damage.
You do not regenerate when monsters are visible.


Message History

You barely miss the goblin.
The hobgoblin no longer looks unusually strong.
The goblin no longer looks unusually strong.
The goblin hits you with a +0 club.
* * * LOW HITPOINT WARNING * * *
Throw: boomerang
Press: ? - help, Q - select action, (/) - cycle Shift-Dir - straight line, f - goblin, p - Robin
Aim: a goblin, wielding a +0 club (51% to hit)
Okay, then.
You feel better. The goblin hits you but does no damage.
Robin roars a battlecry!
The goblins go into a battle-frenzy!
You hit the goblin.
You kill the goblin!
Robin hits you with a +0 short sword.
Things that are here:
a +0 club; a goblin corpse You barely miss Robin.
Robin is lightly wounded.
Robin hits you but does no damage.
You barely miss Robin.
Robin is lightly wounded.
Robin hits you with a +0 short sword. Robin attacks as you move away!
Robin hits you with a +0 short sword.
* * * LOW HITPOINT WARNING * * *
Robin attacks as you move away! Robin hits you with a +0 short sword.
* * * LOW HITPOINT WARNING * * *
There is a stone staircase leading down here.
You climb downwards.
There is a stone staircase leading up here.
It was a potion of mutation.
You feel extremely strange.
Your feet thicken and deform.
You feel yourself wasting away.
Your regeneration stops near monsters.
Your feet thicken and deform.
Robin hits you with a +0 short sword.
* * * LOW HITPOINT WARNING * * *
Unknown command.
You hit Robin.
Your tail-slap misses Robin.
Robin is lightly wounded.
Robin hits you with a +0 short sword.
You die...

####.####
......g@#
####...........
#..#.#.#####
#...#.#.# ....
..# # ##... ...
#.. #.# ### #.#


You could see Robin.

Vanquished Creatures
  5 endoplasms
  2 giant cockroaches (D:1)
  7 goblins
  8 hobgoblins
  4 jackals (D:1)
  5 quokkas
  2 ball pythons (D:1)
  3 bats
  5 kobolds (D:1)
  6 rats (D:1)
47 creatures vanquished.

Vanquished Creatures (others)
  A plant (D:1)
1 creature vanquished.

Grand Total: 48 creatures vanquished

Notes
Turn   | Place    | Note
-------+----------+-------------------------------------------
     0 | D:1      | xian the Demonspawn Wanderer began the quest for the Orb.
     0 | D:1      | xian set off with the following items: a +0 dagger, a
                  | potion of curing, 8 boomerangs, a wand of paralysis (14), a
                  | scroll of blinking, a +0 leather armour.
     0 | D:1      | Reached XP level 1. HP: 15/15 MP: 1/1
    93 | D:1      | Gained mutation: You have a small tail. [demonic ancestry]
    93 | D:1      | Reached XP level 2. HP: 21/21 MP: 2/2
   269 | D:1      | Reached skill level 4 in Throwing
   280 | D:1      | Found a faded altar of an unknown god.
   394 | D:1      | Reached XP level 3. HP: 14/26 MP: 3/3
  1104 | D:2      | Noticed Robin
  1137 | D:3      | Gained mutation: You have large cloven feet. [potion of
                  | mutation]
  1137 | D:3      | Gained mutation: Your body sometimes deteriorates upon
                  | taking damage. [potion of mutation]
  1137 | D:3      | Gained mutation: You do not regenerate when monsters are
                  | visible. [potion of mutation]
  1137 | D:3      | Gained mutation: You have hoof-like feet. [potion of
                  | mutation]
  1138 | D:3      | Slain by Robin

Illustrated notes

Levels and vault maps discovered:
D:1:      dpeg_arrival_ratfight, layout_basic,
          shapermc_ecumenical_altar_mp_ritualfount, st_stairs_1
D:2:      layout_loops_ring, grunt_ministairs_4, uniq_robin
D:3:      layout_loops_corners, nicolae_dithmenos_shadow_blocks,
          mainiacjoe_overflow_alcove_2

Skill      XL: |  1  2 |
---------------+-------+-----
Throwing       | 4 |  4.4
Fighting       | |  1.0
Short Blades   | |  0.2
Armour         | |  1.2
Dodging        | |  0.1
Unarmed Combat | |  1.0
Evocations     | |  3.5

Action                   || total
-------------------------++-------
Melee: Short sword       ||    35
       Tailslap          ||     4
       Dagger            ||     1
       Punch             ||     1
Throw: Boomerang         ||   106
  Use: Potion            ||     2
Armor: Leather armour    ||    16
Dodge: Dodged            ||    37

Table legend: (Time is in decaauts)
 A = Elapsed time spent in this place.
 B = Non-inter-level travel time spent in this place.
 C = Inter-level travel time spent in this place.
 D = Time resting spent in this place.
 E = Time spent auto-exploring this place.
 F = Levels seen in this place.
 G = Mean time per level.
                   A        B        C        D        E       F      G
               +--------+--------+--------+--------+--------+-----+--------+
         Total |   1152 |   1152 |      0 |      0 |    860 |   3 |  384.0 |
       Dungeon |   1152 |   1152 |      0 |      0 |    860 |   3 |  384.0 |
               +--------+--------+--------+--------+--------+-----+--------+

Top non-repeatable levels by time:
     D:1: 1064 daAuts
     D:2: 86 daAuts
     D:3: 1 daAuts
